 Dungeon Sprint DCSS version 0.29-a0-542-g075992c915 (webtiles) character file.

Game seed: 10913716692325712187

2080 mhtbhm the Black Belt (level 9, -13/82 HPs)
             Began as a Meteoran Transmuter on June 4, 2022.
             Was an Initiate of Gozag.
             Mangled by a sun demon (15 damage)
             ... summoned by a kobold demonologist
             ... in the Dungeon (Sprint I: "Red Sonja").
             The game lasted 00:02:07 (778 turns).

mhtbhm the Black Belt (Meteoran Transmuter)          Turns: 778, Time: 00:02:07

Health: -13/82     AC:  7    Str: 14    XL:     9   Next: 80%
Magic:  25/25      EV: 14    Int: 16    God:    Gozag
Gold:   650        SH:  0    Dex: 16    Spells: 20/30 levels left

rFire   x . .      SeeInvis .     - Unarmed
rCold   + + +      Faith    .   (shield currently unavailable)
rNeg    . . .      Spirit   .   (body armour currently unavailable)
rPois   +          Reflect  .   (helmet currently unavailable)
rElec   .          Harm     .   (cloak currently unavailable)
rCorr   .          Rampage  .   (gloves currently unavailable)
Will    +....      NoTele   +   (boots currently unavailable)
Stlth   +.........              (no amulet)
HPRegen 0.23/turn               (no ring)
MPRegen 0.19/turn               (no ring)

@: ice-form, wereblooded, gold aura, glowing
A: freezing attack, amphibious, boosted hp, large, sense surroundings 2,
otherworldly, glowing, explore regen
a: End Transformation, Renounce Religion, Potion Petition, Call Merchant, Bribe
Branch


You were in the Dungeon.
You worshipped Gozag.
Gozag was pleased with you.
You were a creature of crystalline ice.
You visited 1 branch You collected 837 gold pieces.
You spent 187 gold pieces at shops.

Inventory:

Missiles
 b - 4 curare-tipped darts
Armour
 a - a +0 robe (melded)
Wands
 g - a wand of iceblast (5)
Scrolls
 h - 2 scrolls of blinking
 i - a scroll of fear {unknown}
Potions
 c - 3 potions of curing
 d - a potion of heal wounds
 e - a potion of haste
 f - 2 potions of magic
 j - a potion of flight {unknown}


   Skills:
 + Level 3.1 Fighting
 + Level 9.2 Dodging
 + Level 0.2 Stealth
 + Level 17.0 Unarmed Combat
 + Level 11.2 Spellcasting
 + Level 9.6 Transmutations
 + Level 0.3 Ice Magic
 + Level 4.2 Evocations


You had 20 spell levels left.
You knew the following spells:

 Your Spells              Type           Power      Damage    Failure   Level
a - Beastly Appendage     Tmut           78%        N/A       1%          1
b - Wereblood             Tmut           39%        N/A       1%          2
c - Spider Form           Tmut/Pois      24%        N/A       3%          3
d - Ice Form              Ice/Tmut       24%        N/A       11%         4

Your spell library contained the following spells:

 Spells                   Type           Power      Damage    Failure   Level
 Passwall                 Tmut/Erth      20%        N/A       1%          2
 Sandblast                Erth           18%        2d7       9%          1
 Stone Arrow              Conj/Erth      18%        3d8       24%         3


Dungeon Overview and Level Annotations

Branches:
Dungeon (1/1)

Altars:
Cheibriados
Dithmenos
Elyvilon
Fedhas
Gozag
Hepliaklqana
Kikubaaqudgha
Makhleb
Nemelex Xobeh
Okawaru
Qazlal
Ru
Sif Muna
Trog
Uskayaw
Vehumet
Wu Jian
Xom
Yredelemnul
Zin
The Shining One
Jiyva
Lugonu

Shops:
D *[[


Innate Abilities, Weirdness & Mutations

You are a creature of crystalline ice.
You have a powerful freezing melee attack.
You are amphibious.
Your maximum health is increased.
Your armour is entirely melded.
You are incapable of wielding weapons or throwing items.
You passively map the area around you.
You are easily found by Zot.
You glow in the dark.
You regain HP and MP as you explore.


Message History

The fire burns you terribly! The white imp spits at you.
You see here 72 gold pieces.
You pummel the kobold demonologist!! You freeze the kobold demonologist!
The kobold demonologist is severely wounded.
The kobold demonologist mumbles some strange words.
The kobold demonologist hits you with a +0 dagger.
The sun demon is distracted by your dazzling golden aura.
The sun demon shouts!
Unknown command.
You pummel the kobold demonologist!! You freeze the kobold demonologist.
You feel a bit better.
You kill the kobold demonologist!
The crimson imp disappears in a puff of smoke! x2
Your Fighting skill increases to level 3!
Your Dodging skill increases to level 9!
Your Unarmed Combat skill increases to level 17!
You pummel the white imp!!
You kill the white imp!
The white imp disappears in a puff of smoke!
The kobold demonologist misses you. The orange demon stings you from afar.
Unknown command.
You hit the kobold demonologist. You freeze the kobold demonologist.
The kobold demonologist is lightly wounded.
The kobold demonologist casts a spell.
The orange demon stings you from afar!
You pummel the kobold demonologist!! You freeze the kobold demonologist.
The kobold demonologist is severely wounded.
The sun demon is no longer distracted by gold.
The sun demon hits you.
You are engulfed in flames!!
The fire burns you terribly!
* * * LOW HITPOINT WARNING * * *
You barely miss the kobold demonologist.
The kobold demonologist is severely wounded.
The kobold demonologist casts a cantrip, but nothing happens.
The orange demon barely misses you. The sun demon hits you.
* * * LOW HITPOINT WARNING * * *
You are engulfed in flames!
The fire burns you terribly!
You die...
Your body crumbles into a pile of gold.

####################
* *
)..#..'..#__#$.§Y35#
*,$$
#..').#..'..'..#5K4#*
*$ ,
##'#####'#__####.5.+
$ $ * ,
#..#...#)####$ #####
$ + $* * ####..##[#
,, $$ * , $
___##'#_.+ ≈ + , $ *,
∩...'.)._#≈ $$ , $$$
* .__##_.#'##+###**
***, , ,
___###'#)#[).[### $ ,
, *


You could see a sun demon (summoned), an orange demon (summoned), a kobold
demonologist, a quasit (summoned), a white imp (summoned) and a shadow imp
(summoned).

Vanquished Creatures
  Sonja (D)
  A deep troll (D)
  A kobold demonologist (D)
  A slime creature (D)
  Sigmund (D)
  A yak (D)
  A floating eye (D)
  An ogre (D)
  A jelly (D)
  Ijyb (D)
10 creatures vanquished.

Vanquished Creatures (others)
  2 ballistomycete spores (D)
2 creatures vanquished.

Grand Total: 12 creatures vanquished

Notes
Turn   | Place    | Note
-------+----------+-------------------------------------------
     0 | D        | mhtbhm the Meteoran Transmuter began the quest for the Orb.
     0 | D        | Reached XP level 1. HP: 16/16 MP: 5/5
     2 | D        | Noticed Ijyb
     8 | D        | Killed Ijyb
     9 | D        | Reached skill level 6 in Unarmed Combat
     9 | D        | Reached XP level 2. HP: 14/23 MP: 5/8
     9 | D        | Reached XP level 3. HP: 17/28 MP: 5/9
   187 | D        | Noticed an ogre
   192 | D        | Killed an ogre
   193 | D        | Reached skill level 8 in Unarmed Combat
   193 | D        | Reached skill level 5 in Spellcasting
   193 | D        | Reached XP level 4. HP: 35/35 MP: 10/12
   193 | D        | Reached XP level 5. HP: 40/40 MP: 10/13
   376 | D        | Noticed Sigmund
   383 | D        | Killed Sigmund
   384 | D        | Reached skill level 11 in Unarmed Combat
   384 | D        | Reached skill level 1 in Evocations
   384 | D        | Reached XP level 6. HP: 33/48 MP: 12/16
   466 | D        | Learned a level 2 spell: Wereblood
   470 | D        | Learned a level 3 spell: Spider Form
   475 | D        | Learned a level 4 spell: Ice Form
   478 | D        | Found an ornate altar of the Wu Jian Council.
   478 | D        | Found a shimmering blue altar of Sif Muna.
   480 | D        | Found a radiant altar of Vehumet.
   488 | D        | Found Hutequ's Armour Emporium.
   488 | D        | Found an ancient bone altar of Kikubaaqudgha.
   488 | D        | Found a hazy altar of Hepliaklqana.
   488 | D        | Found a stormy altar of Qazlal.
   488 | D        | Found a hide-covered altar of Uskayaw.
   488 | D        | Found a blossoming altar of Fedhas.
   488 | D        | Found a bloodstained altar of Trog.
   488 | D        | Found an iron altar of Okawaru.
   488 | D        | Found a basalt altar of Yredelemnul.
   488 | D        | Found a glowing golden altar of the Shining One.
   488 | D        | Found a snail-covered altar of Cheibriados.
   488 | D        | Found a sacrificial altar of Ru.
   488 | D        | Found a glowing silver altar of Zin.
   488 | D        | Found a shadowy altar of Dithmenos.
   488 | D        | Found a white marble altar of Elyvilon.
   488 | D        | Noticed a yak
   492 | D        | Killed a yak
   493 | D        | Reached skill level 12 in Unarmed Combat
   493 | D        | Reached XP level 7. HP: 53/53 MP: 15/19
   494 | D        | Noticed Sonja
   496 | D        | Killed Sonja
   497 | D        | Reached skill level 14 in Unarmed Combat
   497 | D        | Reached XP level 8. HP: 61/61 MP: 18/22
   502 | D        | Noticed a deep troll
   508 | D        | Killed a deep troll
   509 | D        | Reached skill level 16 in Unarmed Combat
   509 | D        | Reached skill level 10 in Spellcasting
   509 | D        | Gained mutation: You passively map the area around you.
                  | [Meteoran growth]
   509 | D        | Reached XP level 9. HP: 45/68 MP: 20/24
   516 | D        | Found an opulent altar of Gozag.
   532 | D        | Found a sparkling altar of Nemelex Xobeh.
   566 | D        | Found Pociw's Assorted Antiques.
   574 | D        | Bought a scroll of blinking for 187 gold pieces
   612 | D        | Became a worshipper of Gozag Ym Sagoz the Greedy
   638 | D        | Found Mionut's Armour Emporium.
   752 | D        | Found a burning altar of Makhleb.
   752 | D        | Found a viscous altar of Jiyva.
   752 | D        | Found a shimmering altar of Xom.
   752 | D        | Found a corrupted altar of Lugonu.
   752 | D        | Noticed a slime creature
   756 | D        | Killed a slime creature
   769 | D        | Noticed a kobold demonologist
   769 | D        | Noticed a kobold demonologist
   771 | D        | Noticed a sun demon
   774 | D        | Noticed an orange demon
   774 | D        | Killed a kobold demonologist
   775 | D        | Reached skill level 17 in Unarmed Combat
   777 | D        | HP: 4/82 [sun demon[a kobold demonologist] (21)]
   778 | D        | Mangled by a sun demon

Illustrated notes

Levels and vault maps discovered:
D:        dungeon_sprint_1 [red_sonja_temple_1, red_sonja_temple_small_1]

Skill      XL: |  1  2  3  4  5  6  7  8  9 |
---------------+----------------------------+-----
Dodging        | 3 4 6 8 9 |  9.2
Unarmed Combat | 6 8 11 12 14 16 17 | 17.0
Spellcasting   | 4 5 6 8 9 10 11 | 11.2
Transmutations | 3 4 6 8 9 |  9.6
Evocations     | 1 2 3 4 |  4.2
Fighting       | 2 3 |  3.1
Stealth        | |  0.2
Ice Magic      | |  0.3

Action                   |  1- 3 |  4- 6 |  7- 9 || total
-------------------------+-------+-------+-------++-------
Melee: Unarmed           |     8 |    10 |    15 ||    33
       Headbutt          |     2 |       |       ||     2
       Kick              |     1 |       |       ||     1
 Cast: Beastly Appendage |     1 |     1 |       ||     2
       Ice Form          |       |     1 |     1 ||     2
       Wereblood         |       |     1 |     1 ||     2
Evoke: Wand              |     1 |     2 |     3 ||     6
  Use: Potion            |     2 |       |       ||     2
Armor: Skin              |     2 |     1 |     4 ||     7
       Robe              |       |     1 |       ||     1
Dodge: Dodged            |       |     6 |     6 ||    12

Table legend: (Time is in decaauts)
 A = Elapsed time spent in this place.
 B = Non-inter-level travel time spent in this place.
 C = Inter-level travel time spent in this place.
 D = Time resting spent in this place.
 E = Time spent auto-exploring this place.
 F = Levels seen in this place.
 G = Mean time per level.
                   A        B        C        D        E       F      G
               +--------+--------+--------+--------+--------+-----+--------+
         Total |    774 |    774 |      0 |    413 |      0 |   1 |  774.0 |
       Dungeon |    774 |    774 |      0 |    413 |      0 |   1 |  774.0 |
               +--------+--------+--------+--------+--------+-----+--------+

Top non-repeatable levels by time:
       D: 774 daAuts
